 Dungeon Crawl Stone Soup version 0.21.1-1-g345015fe64 (webtiles) character file.

5250 KarvaRausku the Cleaver (level 10, -2/94 HPs)
             Began as a Minotaur Gladiator on July 15, 2018.
             Was a Priest of Okawaru.
             Slain by an orc warrior
             ... wielding a +0 battleaxe
              (22 damage)
             ... on level 8 of the Dungeon.
             The game lasted 00:17:39 (7267 turns).

KarvaRausku the Cleaver (Minotaur Gladiator)        Turns: 7267, Time: 00:17:40

Health: -2/94      AC: 11    Str: 22    XL:     10   Next: 36%
Magic:  9/9        EV:  9    Int:  6    God:    Okawaru [***...]
Gold:   573        SH:  3    Dex: 11    Spells: 9/9 levels left

rFire    . . .     SeeInvis .   a - +0 war axe
rCold    . . .     Gourm    .   v - +0 buckler
rNeg     . . .     Faith    .   r - +0 chain mail
rPois    +         Spirit   .   c - +0 hat
rElec    .         Reflect  .   K - scarf {cloud immunity}
rCorr    .         Harm     .   (no gloves)
MR       +....                  (no boots)
Stlth    ..........             (no amulet)
HPRegen  0.25/turn              (no ring)
MPRegen  0.11/turn              (no ring)

@: no status effects
A: retaliatory headbutt, horns 2, talons 1, magic resistance 1, poison
resistance
a: Heroism, Renounce Religion


You were on level 8 of the Dungeon.
You worshipped Okawaru.
Okawaru was most pleased with you.
You were not hungry.

You visited 2 branches of the dungeon, and saw 9 of its levels.
You also visited: Ossuary.

You collected 573 gold pieces.

Inventory:

Hand Weapons
 a - a +0 war axe (weapon)
 w - a +0 spear
Missiles
 d - 5 throwing nets (quivered)
 I - 2 stones
Armour
 b - a +0 leather armour
 c - a +0 hat (worn)
 r - a +0 chain mail (worn)
 v - a +0 buckler (worn)
 C - a +0 helmet
 G - a +0 cloak
 H - a +0 scale mail
 K - a scarf of cloud immunity (worn)
Magical Staves
 O - an uncursed staff of cold
Jewellery
 N - an uncursed amulet of faith {unknown}
Wands
 n - a wand of iceblast (17)
 o - a wand of scattershot (3)
Scrolls
 i - 7 scrolls of remove curse
 j - a scroll of enchant weapon
 k - 5 scrolls of identify
 l - 2 scrolls of noise {unknown}
 m - 6 scrolls of teleportation
 p - a scroll of blinking {unknown}
 q - 2 scrolls of magic mapping {unknown}
 s - 2 scrolls of enchant armour {unknown}
 t - a scroll of fear {unknown}
 y - 2 scrolls of fog {unknown}
 B - a scroll of immolation {unknown}
 J - a scroll of amnesia {unknown}
 L - a scroll of vulnerability {unknown}
Potions
 e - 2 potions of haste
 g - 3 potions of heal wounds
 h - 2 potions of berserk rage
 u - 2 potions of agility {unknown}
 x - 3 potions of brilliance
 z - a potion of ambrosia
 A - 2 potions of curing {unknown}
 E - 4 potions of flight {unknown}
 F - 2 potions of resistance
 M - 2 potions of magic {unknown}
Comestibles
 f - 13 rations
 D - 8 chunks of flesh


   Skills:
 + Level 10.9 Fighting
 + Level 11.1 Axes
 - Level 2.0 Throwing
 + Level 10.4 Armour
 - Level 3.2 Dodging


You had 9 spell levels left.
You didn't know any spells.

Dungeon Overview and Level Annotations

Branches:
Dungeon (8/15)             Temple (1/1) D:7
   Lair: D:8-11

Altars:
Ashenzari
Cheibriados
Dithmenos
Elyvilon
Fedhas
Gozag
Kikubaaqudgha
Makhleb
Nemelex Xobeh
Okawaru
Qazlal
Ru
Trog
Uskayaw
Vehumet
Wu Jian
Xom
Yredelemnul
Zin
The Shining One
Lugonu


Innate Abilities, Weirdness & Mutations

You reflexively headbutt those who attack you in melee.
You have a pair of horns on your head.
You have sharp toenails.
You are resistant to hostile enchantments. (MR+)
Your system is resistant to poisons. (rPois)


Message History

You slash the wyvern!
You kill the wyvern!
Okawaru accepts your kill.
You hit the orc warrior.
The orc warrior hits you with a battleaxe!
* * * LOW HITPOINT WARNING * * *
The orc warrior closely misses you.
You see here a wyvern corpse.
Unknown command.
You closely miss the orc warrior. Your kick misses the orc warrior.
The orc warrior is moderately wounded.
The orc warrior hits you but does no damage.
You closely miss the orc warrior. Your kick misses the orc warrior.
You headbutt the orc warrior.
The orc warrior is heavily wounded.
You hit the orc warrior but do no damage.
You claw the orc warrior, but do no damage.
The orc warrior is heavily wounded.
The orc warrior hits you with a battleaxe!!
You die...

#. #.# ##....##
##.##.#########....#
...#.##............
#..#.##.####.#.###.
#
#..#.##.###.###.##.
#.####..#.##.##.##
##.#.
#.........)....##
##..
#......)#(#####.##
##.#[ #.....o@..#
##.###...)
#......)###
##.#.#... #.......#
##.###.. #...#...#
### ##. ###...### ##
##.# #. #.


You could see an orc warrior.

Vanquished Creatures
  A two-headed ogre (D:7)
  Psyche (D:8)
  Prince Ribbit (D:5)
  2 hippogriffs (D:7)
  A wyvern (D:8)
  A hungry ghost (D:7)
  Edmund (D:4)
  An ice beast (D:8)
  A black bear (D:8)
  A sky beast (D:6)
  2 ogres
  A phantom (D:8)
  7 centaurs
  2 necrophages
  A crocodile (D:8)
  Blork the orc (D:5)
  5 big kobolds
  4 bullfrogs
  A water moccasin zombie (Ossuary)
  A wyvern skeleton (D:8)
  3 scorpions
  3 wights (D:7)
  3 howler monkeys
  A bullfrog zombie (D:5)
  2 crimson imps (D:7)
  2 hounds
  A centaur skeleton (D:4)
  An orc priest (D:8)
  A jelly (D:6)
  3 orc wizards
  2 iguanas
  7 worker ants
  A big kobold zombie (Ossuary)
  A hound skeleton (D:8)
  3 mummies
  A worker ant zombie (D:7)
  6 gnolls (D:3)
  6 adders
  A shadow imp (D:7)
  An ooze (D:2)
  2 adder zombies
  3 worms
  4 dart slugs
  2 leopard geckos
  23 orcs
  12 bats
  2 giant cockroaches
  A gnoll zombie (Ossuary)
  42 goblins
  17 hobgoblins
  4 jackals (D:8)
  3 quokkas (D:2)
  4 frilled lizards
  3 hobgoblin zombies (Ossuary)
  12 kobolds
  5 kobold zombies (Ossuary)
  2 orc zombies (Ossuary)
  6 rats
  2 demonic plants (Temple)
234 creatures vanquished.

Notes
Turn   | Place    | Note
-------+----------+-------------------------------------------
     0 | D:1      | KarvaRausku the Minotaur Gladiator began the quest for the Orb.
     0 | D:1      | Reached XP level 1. HP: 18/18 MP: 0/0
     6 | D:1      | Noticed a black bear
     6 | D:1      | Noticed a salamander
     6 | D:1      | Noticed a hog
     7 | D:1      | Noticed a lindwurm
   121 | D:1      | Reached skill level 1 in Armour
   121 | D:1      | Reached XP level 2. HP: 25/25 MP: 1/1
   158 | D:1      | Reached skill level 4 in Axes
   799 | D:2      | Reached XP level 3. HP: 21/31 MP: 2/2
  1125 | D:2      | Found a basalt altar of Yredelemnul.
  1240 | D:2      | Found a burning altar of Makhleb.
  1241 | D:2      | Found a radiant altar of Vehumet.
  1249 | D:2      | Gained mutation: You do not regenerate when monsters are visible. [potion of mutation]
  1249 | D:2      | Gained mutation: You tend to lose your temper in combat. [potion of mutation]
  1249 | D:2      | Gained mutation: You expend magic power (3 MP) to strengthen your wands. [potion of mutation]
  1249 | D:2      | Gained mutation: You are agile. (Dex +2) [potion of mutation]
  1252 | D:2      | Reached XP level 4. HP: 18/40 MP: 3/3
  1555 | D:2      | Lost mutation: You are agile. (Dex +2) [potion of mutation]
  1555 | D:2      | Lost mutation: You tend to lose your temper in combat. [potion of mutation]
  1555 | D:2      | Lost mutation: You expend magic power (3 MP) to strengthen your wands. [potion of mutation]
  1555 | D:2      | Lost mutation: You do not regenerate when monsters are visible. [potion of mutation]
  1555 | D:2      | Gained mutation: Your system is resistant to poisons. (rPois) [potion of mutation]
  1555 | D:2      | Gained mutation: You are resistant to hostile enchantments. (MR+) [potion of mutation]
  1555 | D:2      | Gained mutation: You have sharp toenails. [potion of mutation]
  1765 | D:2      | Found a white marble altar of Elyvilon.
  2029 | D:3      | Found a shimmering altar of Xom.
  2051 | D:3      | Found a shimmering altar of Xom.
  2051 | D:3      | Found a hazy altar of Hepliaklqana.
  2053 | D:3      | Found a shimmering altar of Xom.
  2053 | D:3      | Found a deep blue altar of Sif Muna.
  2053 | D:3      | Found a shimmering altar of Xom.
  2135 | D:3      | Reached skill level 5 in Axes
  2206 | D:3      | Reached XP level 5. HP: 46/46 MP: 4/4
  2642 | D:3      | Reached XP level 6. HP: 42/55 MP: 5/5
  2654 | D:3      | Reached skill level 5 in Fighting
  2661 | D:3      | Reached skill level 6 in Axes
  2679 | D:3      | Reached XP level 7. HP: 16/62 MP: 6/6
  3193 | D:4      | Reached skill level 5 in Armour
  3195 | D:4      | Found a hide-covered altar of Uskayaw.
  3248 | D:4      | Found a sand-covered staircase.
  3257 | Ossuary  | Entered an ossuary
  3458 | D:4      | Found an opulent altar of Gozag.
  3460 | D:4      | Found a stormy altar of Qazlal.
  3469 | D:4      | Reached skill level 7 in Axes
  3485 | D:4      | Found a blossoming altar of Fedhas.
  3488 | D:4      | Found a shadowy altar of Dithmenos.
  3519 | D:4      | Noticed Edmund
  3524 | D:4      | Killed Edmund
  3877 | D:5      | Entered Level 5 of the Dungeon
  3930 | D:5      | Reached XP level 8. HP: 52/71 MP: 7/7
  4012 | D:5      | Noticed Blork the orc
  4020 | D:5      | Killed Blork the orc
  4325 | D:5      | Noticed Prince Ribbit
  4339 | D:5      | Killed Prince Ribbit
  4339 | D:5      | Reached skill level 8 in Axes
  5436 | D:6      | Reached skill level 9 in Axes
  5436 | D:6      | Reached XP level 9. HP: 49/82 MP: 8/8
  5470 | D:6      | Found a hide-covered altar of Uskayaw.
  5833 | D:7      | Found a staircase to the Ecumenical Temple.
  5858 | Temple   | Entered the Ecumenical Temple
  5904 | Temple   | Became a worshipper of Warmaster Okawaru
  6155 | D:7      | Found a shattered altar of Ashenzari.
  6269 | D:7      | Found a glowing golden altar of the Shining One.
  6311 | D:7      | Reached * piety under Okawaru
  6311 | D:7      | Reached skill level 10 in Axes
  6620 | D:8      | Noticed a two-headed ogre
  6642 | D:7      | Killed a two-headed ogre
  6642 | D:7      | Reached skill level 10 in Fighting
  6766 | D:8      | Reached XP level 10. HP: 65/93 MP: 9/9
  6786 | D:8      | Reached ** piety under Okawaru
  7094 | D:8      | Reached skill level 10 in Armour
  7116 | D:8      | Noticed Psyche
  7125 | D:8      | Killed Psyche
  7129 | D:8      | Reached skill level 11 in Axes
  7219 | D:8      | Found a burning altar of Makhleb.
  7260 | D:8      | Reached *** piety under Okawaru
  7267 | D:8      | Slain by an orc warrior

Skill      XL: |  1  2  3  4  5  6  7  8  9 10 |
---------------+-------------------------------+-----
Armour         | 1 2 3 4 6 7 9 10 | 10.4
Axes           | 4 5 6 7 9 10 11 | 11.1
Fighting       | 3 4 5 6 8 10 | 10.9
Throwing       | |  2.0
Dodging        | |  3.2

Action                   |  1- 3 |  4- 6 |  7- 9 | 10-12 || total
-------------------------+-------+-------+-------+-------++-------
Melee: War axe           |    61 |   153 |   255 |    75 ||   544
       Headbutt          |     6 |    13 |    44 |    10 ||    73
       Kick              |       |    29 |    87 |    23 ||   139
Evoke: Wand              |       |       |     2 |       ||     2
  Use: Potion            |     2 |     1 |     1 |     1 ||     5
       Scroll            |       |       |     7 |       ||     7
 Stab: Sleeping          |     1 |       |       |       ||     1
  Eat: Chunk             |     1 |     1 |     6 |       ||     8
       Ration            |       |     1 |     4 |       ||     5
Armor: Leather armour    |    19 |     8 |       |       ||    27
       Chain mail        |       |    71 |   120 |    41 ||   232
Dodge: Dodged            |    48 |    85 |    93 |    49 ||   275
Block: Buckler           |       |    19 |    26 |    13 ||    58
